 Dungeon Crawl Stone Soup version 0.21-a0-88-g13b9641 (webtiles) character file.

16 vev the Caller (level 2, 0/17 HPs)
             Began as an Octopode Summoner on June 27, 2017.
             Shot with a stone by a hobgoblin (10 damage)
             ... on level 1 of the Dungeon.
             The game lasted 00:01:59 (453 turns).

vev the Caller (Octopode Summoner)                   Turns: 453, Time: 00:02:00

Health: 0/17       AC:  1    Str:  7    XL:     2   Next: 54%
Magic:  3/5        EV: 13    Int: 17    God:
Gold:   28         SH:  0    Dex: 12    Spells: 4/5 levels left

rFire    . . .     SeeInvis .   a - +0 dagger
rCold    . . .     Gourm    .   (no shield)
rNeg     . . .     Faith    .   (helmet restricted)
rPois    .         Spirit   .   (no amulet)
rElec    .         Reflect  .   (no ring)
rCorr    .         Harm     .   (no ring)
MR       .....                  (no ring)
Stlth    +++.......             (no ring)
HPRegen  0.05/turn              (no ring)
MPRegen  0.09/turn              (no ring)
                                (no ring)
                                (no ring)

@: no status effects
A: almost no armour, stealthy swim, amphibious, 8 rings, constrict 8, camouflage
1, gelatinous body 1
a: no special abilities


You were on level 1 of the Dungeon.
You were not hungry.

You visited 1 branch of the dungeon, and saw 1 of its levels.

You collected 28 gold pieces.

Inventory:

Hand Weapons
 a - a +0 dagger (weapon)
Scrolls
 c - a scroll of teleportation {unknown}
 e - a scroll of recharging {unknown}
 g - a scroll of noise {unknown}
Potions
 h - a potion of mutation {unknown}
 j - a potion of cancellation {unknown}
 k - a potion of invisibility {unknown}
Books
 i - a book of Callings

   Spells                             Type                      Level
   a - Summon Small Mammal            Summoning                    1
   b - Call Imp                       Summoning                    2
   c - Call Canine Familiar           Summoning                    3
   d - Summon Guardian Golem          Hexes/Summoning              3
   e - Summon Lightning Spire         Summoning/Air                4
   f - Summon Ice Beast               Ice/Summoning                4
Comestibles
 b - a bread ration
 d - 3 chunks of flesh
 f - a royal jelly


   Skills:
 - Level 2.0 Dodging
 + Level 3.7 Stealth
 - Level 2.0 Spellcasting
 + Level 4.2 Summonings


You had 4 spell levels left.
You knew the following spells:

 Your Spells              Type           Power        Failure   Level  Hunger
a - Summon Small Mammal   Summ           ###.         3%          1    #......


Dungeon Overview and Level Annotations

Branches:
Dungeon (1/15)

Altars:


Innate Abilities, Weirdness & Mutations

You cannot wear most types of armour.
You are very stealthy in the water. (Stealth+)
You are amphibious.
You can wear up to eight rings at the same time.
You can use your tentacles to constrict eight enemies at once.
Your skin changes colour to match your surroundings (Stealth+).
Your rubbery body absorbs attacks. (AC +1, EV +1)


Message History

The hobgoblin shoots a stone.
The stone barely misses your bat. The stone hits you but does no damage.
The hobgoblin shoots a stone.
The stone hits your bat.
You swap places.
The hobgoblin shoots a stone.
The stone barely misses you.
You swap places.
Casting: Summon Small Mammal
Confirm with . or Enter, or press ? or * to list all spells.
You swap places.
You swap places.
The hobgoblin shoots a stone.
The stone hits your bat.
Your bat dies!
Your bat's corpse disappears in a puff of smoke!
The hobgoblin shoots a stone.
The stone hits you!
You see here 2 stones.
You are too injured to fight recklessly!
You are too injured to fight recklessly!
You are too injured to fight recklessly!
The hobgoblin shoots a stone.
The stone hits you!
Ouch! That really hurt!
You die...

#...####.##.
#.........##
#.........# +#
#......<..# #.#
#..g......#
#>##'#######...
#.(### ###
#######g#(.#
#..@ยง.(.###.+
####..br...# #
#.##..........#
#.............#
####.#.########
#.#.## #....#
##....###
#.......####


You could see a hobgoblin, a friendly bat and a friendly rat.

Vanquished Creatures
  An ooze (D:1)
  2 goblins (D:1)
  2 kobolds (D:1)
  3 frilled lizards (D:1)
  3 rats (D:1)
11 creatures vanquished.

Vanquished Creatures (collateral kills)
  2 kobolds (D:1)
  A rat (D:1)
3 creatures vanquished.

Grand Total: 14 creatures vanquished

Notes
Turn   | Place    | Note
-------+----------+-------------------------------------------
     0 | D:1      | vev the Octopode Summoner began the quest for the Orb.
     0 | D:1      | Reached XP level 1. HP: 11/11 MP: 3/3
    69 | D:1      | Reached skill level 3 in Stealth
   302 | D:1      | Reached XP level 2. HP: 17/17 MP: 5/5
   453 | D:1      | Shot with a stone by a hobgoblin

Vault maps used:
D:1:      dpeg_arrival_connections

Skill      XL: |  1 |
---------------+----+-----
Stealth        | 3 |  3.7
Dodging        | |  2.0
Spellcasting   | |  2.0
Summonings     | |  4.2

Action                   || total
-------------------------++-------
Melee: Unarmed           ||    17
       Constrict         ||     9
       Tentacles         ||     7
       Dagger            ||    10
 Cast: Summon Small Mamm ||    11
 Stab: Sleeping          ||     2
Armor: Skin              ||     3
Dodge: Dodged            ||    19
